WIN
NEW YORK (WIN) METS @ CHICAGO (WIN) WHITE SOX
12/01/2045
 
TOP OF THE 1ST
New York (WIN) Mets batting - Pitching for Chicago (WIN) White Sox : LHP Nick Hamlin
Pitching: LHP Nick Hamlin
Batting: LHB Jose Chavez 0-0: Called Strike
0-1: Ground out 5-3 (Groundball, 5, EV 102.5 MPH)
Batting: LHB Elmo Dreier 0-0: Ball
1-0: Ball
2-0: Called Strike
2-1: Called Strike
2-2: Ball
3-2: Strikes out looking
Batting: RHB Josh Jones 0-0: Ball
1-0: Ball
2-0: Called Strike
2-1: Called Strike
2-2: Ground out 5-3 (Groundball, 56S, EV 67.5 MPH)
Top of the 1st over - 0 runs, 0 hits, 0 errors, 0 left on base; New York (WIN) 0 - Chicago (WIN) 0
BOTTOM OF THE 1ST
Chicago (WIN) White Sox batting - Pitching for New York (WIN) Mets : RHP David Anzaldua
Pitching: RHP David Anzaldua
Batting: LHB Dustin Taylor 0-0: Ball
1-0: SINGLE (Line Drive, 8LS, EV 111.2 MPH)
Batting: RHB Dusty Ballard 0-0: Ball
1-0: Foul Ball, location: 2F
1-1: Ball
2-1: Ball
3-1: Base on Balls
Dustin Taylor to second
Batting: LHB Brandon Hopper 0-0: Reached on error, E3 (Groundball, 3, EV 95.0 MPH)
Dustin Taylor to third
Dusty Ballard to second
Batting: LHB Angel Tellez 0-0: Swinging Strike
0-1: Foul Ball, location: 2F
0-2: Ball
1-2: Ball
Passed Ball!
Dustin Taylor scores
Dusty Ballard to third
Brandon Hopper to second
2-2: Foul Ball, location: 2F
2-2: Ball
3-2: Strikes out swinging
Batting: RHB Mike Warzecha 0-0: Ball
1-0: Ball
2-0: Fly out, F7 (Flyball, 7D, EV 82.5 MPH)
Runner from 3rd tags up, SCORES, no throw by LF
Batting: LHB Hirakito Herring 0-0: Swinging Strike
0-1: Swinging Strike
0-2: Ball
1-2: Foul Ball, location: 2F
1-2: Ball
2-2: 2-RUN HOME RUN (Flyball, 8LXD, EV 110.0 MPH), Distance : 432 ft
Batting: RHB Danny Longoria 0-0: Ball
1-0: Called Strike
1-1: Fly out, F9 (Flyball, 9, EV 81.9 MPH)
Bottom of the 1st over - 4 runs, 2 hits, 1 error, 0 left on base; New York (WIN) 0 - Chicago (WIN) 4
TOP OF THE 2ND
New York (WIN) Mets batting - Pitching for Chicago (WIN) White Sox : LHP Nick Hamlin
Batting: RHB David Stayton 0-0: Called Strike
0-1: Swinging Strike
0-2: Strikes out swinging
Batting: LHB Robbie Beerbower 0-0: Ball
1-0: Ground out 4-3 (Groundball, 4M, EV 87.5 MPH)
Batting: RHB Hugo Valentin 0-0: Ball
1-0: Ball
2-0: Ball
3-0: Base on Balls
Batting: RHB Bryan Dorne 0-0: Swinging Strike
0-1: Foul Ball, location: 2F
0-2: Ball
1-2: Foul Ball, location: 2F
1-2: Foul Ball, location: 2F
1-2: Strikes out swinging
Top of the 2nd over - 0 runs, 0 hits, 0 errors, 1 left on base; New York (WIN) 0 - Chicago (WIN) 4
BOTTOM OF THE 2ND
Chicago (WIN) White Sox batting - Pitching for New York (WIN) Mets : RHP David Anzaldua
Batting: LHB John Thurman 0-0: Fly out, F8 (Line Drive, 8LM, EV 95.0 MPH)
Batting: RHB Micah Brown 0-0: Called Strike
0-1: Called Strike
0-2: Strikes out swinging
Batting: LHB Dustin Taylor 0-0: Ball
1-0: Foul Ball, location: 2F
1-1: Swinging Strike
1-2: SINGLE (Flyball, 8LS, EV 93.8 MPH)
Batting: RHB Dusty Ballard 0-0: Ball
1-0: Ball
2-0: Ball
3-0: Called Strike
3-1: DOUBLE (Flyball, 8LXD, EV 98.1 MPH)
Dustin Taylor to third
Runner from 3rd tries for Home, SAFE, no throw by CF
Batting: LHB Brandon Hopper 0-0: Swinging Strike
0-1: Fly out, F8 (Flyball, 8LD, EV 93.8 MPH)
Bottom of the 2nd over - 1 run, 2 hits, 0 errors, 1 left on base; New York (WIN) 0 - Chicago (WIN) 5
TOP OF THE 3RD
New York (WIN) Mets batting - Pitching for Chicago (WIN) White Sox : LHP Nick Hamlin
Batting: LHB Ryan Price 0-0: Ground out 2-3 (Groundball, 15S, EV 71.2 MPH)
Batting: LHB Jonathan Gendron 0-0: Called Strike
0-1: Called Strike
0-2: Strikes out swinging
Batting: LHB Jose Chavez 0-0: Ball
1-0: Called Strike
1-1: Foul Ball, location: 2F
1-2: Ball
2-2: Ball
3-2: Foul Ball, location: 2F
3-2: Fly out, F7 (Flyball, 7D, EV 99.4 MPH)
Top of the 3rd over - 0 runs, 0 hits, 0 errors, 0 left on base; New York (WIN) 0 - Chicago (WIN) 5
BOTTOM OF THE 3RD
Chicago (WIN) White Sox batting - Pitching for New York (WIN) Mets : RHP David Anzaldua
Batting: LHB Angel Tellez 0-0: Ball
1-0: Ball
2-0: Foul Ball, location: 2F
2-1: Foul Ball, location: 2F
2-2: Ball
3-2: Fly out, F6 (Line Drive, 6, EV 73.1 MPH)
Batting: RHB Mike Warzecha 0-0: Swinging Strike
0-1: Ball
1-1: Ground out 5-3 (Groundball, 5, EV 106.2 MPH)
Batting: LHB Hirakito Herring 0-0: Swinging Strike
0-1: Ball
1-1: DOUBLE (Groundball, 3L, EV 97.5 MPH)
Batting: RHB Danny Longoria 0-0: Called Strike
0-1: Swinging Strike
0-2: Foul Ball, location: 2F
0-2: Fly out, F8 (Flyball, 89XD, EV 95.6 MPH)
Bottom of the 3rd over - 0 runs, 1 hit, 0 errors, 1 left on base; New York (WIN) 0 - Chicago (WIN) 5
TOP OF THE 4TH
New York (WIN) Mets batting - Pitching for Chicago (WIN) White Sox : LHP Nick Hamlin
Batting: LHB Elmo Dreier 0-0: Ball
1-0: SINGLE (Groundball, 4D, EV 102.5 MPH)
Batting: RHB Josh Jones 0-0: SINGLE (Line Drive, 8LS, EV 91.9 MPH)
Elmo Dreier to second
Runner from 2nd tries for 3rd, SAFE, throw by CF made to third
Batting: RHB David Stayton 0-0: Ball
1-0: Ball
2-0: Ball
3-0: Base on Balls
Josh Jones to second
Batting: LHB Robbie Beerbower 0-0: Swinging Strike
0-1: Foul Ball, location: 2F
0-2: Strikes out swinging
Batting: RHB Hugo Valentin 0-0: Ball
1-0: Fielders Choice at 2nd, 6-4 (Groundball, 6M, EV 95.0 MPH)
Elmo Dreier scores
Josh Jones to third
Batting: RHB Bryan Dorne 0-0: Called Strike
0-1: Called Strike
0-2: Fly out, F9 (Line Drive, 9S, EV 95.0 MPH)
Top of the 4th over - 1 run, 2 hits, 0 errors, 2 left on base; New York (WIN) 1 - Chicago (WIN) 5
BOTTOM OF THE 4TH
Chicago (WIN) White Sox batting - Pitching for New York (WIN) Mets : RHP David Anzaldua
Batting: LHB John Thurman 0-0: Ball
1-0: Called Strike
1-1: Foul Ball, location: 2F
1-2: Strikes out swinging, 2-3 out at first.
Batting: RHB Micah Brown 0-0: Foul Ball, location: 2F
0-1: Ground out 1-3 (Groundball, 15S, EV 66.9 MPH)
Batting: LHB Dustin Taylor 0-0: Ball
1-0: Fly out, F7 (Flyball, 7D, EV 91.9 MPH)
Bottom of the 4th over - 0 runs, 0 hits, 0 errors, 0 left on base; New York (WIN) 1 - Chicago (WIN) 5
TOP OF THE 5TH
New York (WIN) Mets batting - Pitching for Chicago (WIN) White Sox : LHP Nick Hamlin
Batting: LHB Ryan Price 0-0: Ground out 6-3 (Groundball, 6S, EV 79.4 MPH)
Batting: LHB Jonathan Gendron 0-0: Ball
1-0: Ball
2-0: Ball
3-0: Called Strike
3-1: Swinging Strike
3-2: Strikes out looking
Batting: LHB Jose Chavez 0-0: Called Strike
0-1: Ball
1-1: Ball
2-1: SINGLE (Groundball, 56S, EV 65.6 MPH) (infield hit)
Batting: LHB Elmo Dreier 0-0: Ball
1-0: Called Strike
1-1: Foul Ball, location: 2F
1-2: DOUBLE (Line Drive, 89D, EV 113.1 MPH)
Jose Chavez to third
Runner from 3rd tries for Home, SAFE, no throw by RF
Batting: RHB Josh Jones 0-0: SINGLE (Line Drive, 4MD, EV 102.5 MPH)
Elmo Dreier to third
Runner from 3rd tries for Home, throw by CF and OUT! 8-2
Top of the 5th over - 1 run, 3 hits, 0 errors, 1 left on base; New York (WIN) 2 - Chicago (WIN) 5
BOTTOM OF THE 5TH
Chicago (WIN) White Sox batting - Pitching for New York (WIN) Mets : RHP David Anzaldua
Batting: RHB Dusty Ballard 0-0: Ground out 6-3 (Groundball, 6S, EV 65.0 MPH)
Batting: LHB Brandon Hopper 0-0: Ball
1-0: SOLO HOME RUN (Flyball, 9D, EV 100.6 MPH), Distance : 406 ft
Batting: LHB Angel Tellez 0-0: Foul Ball, location: 2F
0-1: Ball
1-1: Ball
2-1: SINGLE (Groundball, 34D, EV 101.2 MPH)
Batting: RHB Mike Warzecha 0-0: Ball
1-0: Foul Ball, location: 2F
1-1: Ball
2-1: Ball
3-1: Base on Balls
Angel Tellez to second
Batting: LHB Hirakito Herring 0-0: Grounds into double play, 6-4-3 (Groundball, 6, EV 86.2 MPH)
Bottom of the 5th over - 1 run, 2 hits, 0 errors, 1 left on base; New York (WIN) 2 - Chicago (WIN) 6
TOP OF THE 6TH
New York (WIN) Mets batting - Pitching for Chicago (WIN) White Sox : LHP Nick Hamlin
Batting: RHB David Stayton 0-0: Called Strike
0-1: Ball
1-1: Ball
2-1: Ball
3-1: Base on Balls
Batting: LHB Robbie Beerbower 0-0: Ball
1-0: Ball
2-0: Called Strike
2-1: Foul Ball, location: 2F
2-2: Strikes out swinging
Batting: RHB Hugo Valentin 0-0: Ball
1-0: Called Strike
1-1: Called Strike
1-2: Strikes out swinging
Batting: RHB Bryan Dorne 0-0: SINGLE (Line Drive, 9S, EV 91.2 MPH)
David Stayton to second
Runner from 2nd tries for 3rd, SAFE, throw by RF made to third
Batting: LHB Ryan Price 0-0: Ball
1-0: Called Strike
1-1: Foul Ball, location: 2F
1-2: Ball
2-2: Fly out, F7 (Flyball, 7LD, EV 101.9 MPH)
Top of the 6th over - 0 runs, 1 hit, 0 errors, 2 left on base; New York (WIN) 2 - Chicago (WIN) 6
BOTTOM OF THE 6TH
Chicago (WIN) White Sox batting - Pitching for New York (WIN) Mets : RHP David Anzaldua
Batting: RHB Danny Longoria 0-0: Foul Ball, location: 2F
0-1: Ground out 5-3 (Groundball, 56, EV 83.1 MPH)
Batting: LHB John Thurman 0-0: Called Strike
0-1: Ball
1-1: Called Strike
1-2: Strikes out swinging
Batting: RHB Micah Brown 0-0: Called Strike
0-1: Ball
1-1: Ball
2-1: Fly out, F6 (Line Drive, 56D, EV 90.0 MPH)
Bottom of the 6th over - 0 runs, 0 hits, 0 errors, 0 left on base; New York (WIN) 2 - Chicago (WIN) 6
TOP OF THE 7TH
New York (WIN) Mets batting - Pitching for Chicago (WIN) White Sox : LHP Nick Hamlin
Batting: LHB Jonathan Gendron 0-0: Ball
1-0: Ball
2-0: Foul Ball, location: 2F
2-1: Foul Ball, location: 2F
2-2: Strikes out swinging
Pitching: RHP Michael McMurry
Batting: LHB Jose Chavez 0-0: Ball
1-0: Ball
2-0: Ball
3-0: Called Strike
3-1: Base on Balls
Batting: LHB Elmo Dreier 0-0: Swinging Strike
0-1: Ball
1-1: Grounds into double play, 5-4-3 (Groundball, 56S, EV 81.9 MPH)
Top of the 7th over - 0 runs, 0 hits, 0 errors, 0 left on base; New York (WIN) 2 - Chicago (WIN) 6
BOTTOM OF THE 7TH
Chicago (WIN) White Sox batting - Pitching for New York (WIN) Mets : RHP David Anzaldua
Batting: LHB Dustin Taylor 0-0: Ball
1-0: Ball
2-0: SINGLE (Groundball, 4D, EV 95.6 MPH)
Batting: RHB Dusty Ballard 0-0: Sac Bunt to 13S - play at first, batter OUT! 1-3
Dustin Taylor to second
Batting: LHB Brandon Hopper 0-0: 2-RUN HOME RUN (Flyball, 9LD, EV 91.9 MPH), Distance : 335 ft
Batting: LHB Angel Tellez 0-0: Fly out, F6 (Popup, 6, EV 68.8 MPH)
Batting: RHB Mike Warzecha 0-0: Foul Ball, location: 2F
0-1: Foul Ball, location: 2F
0-2: Ground out 4-3 (Groundball, 34, EV 103.8 MPH)
Bottom of the 7th over - 2 runs, 2 hits, 0 errors, 0 left on base; New York (WIN) 2 - Chicago (WIN) 8
TOP OF THE 8TH
New York (WIN) Mets batting - Pitching for Chicago (WIN) White Sox : RHP Michael McMurry
Batting: RHB Josh Jones 0-0: Ball
1-0: Called Strike
1-1: Ground out 5-3 (Groundball, 56, EV 108.1 MPH)
Batting: RHB David Stayton 0-0: Ball
1-0: Foul Ball, location: 2F
1-1: Called Strike
1-2: Strikes out swinging
Batting: LHB Robbie Beerbower 0-0: Ball
1-0: Fly out, F7 (Flyball, 7LM, EV 95.0 MPH)
Top of the 8th over - 0 runs, 0 hits, 0 errors, 0 left on base; New York (WIN) 2 - Chicago (WIN) 8
BOTTOM OF THE 8TH
Chicago (WIN) White Sox batting - Pitching for New York (WIN) Mets : RHP David Anzaldua
Batting: LHB Hirakito Herring 0-0: Ball
1-0: Ball
2-0: Ball
3-0: Called Strike
3-1: Swinging Strike
3-2: Foul Ball, location: 2F
3-2: Strikes out looking
Batting: RHB Danny Longoria 0-0: Called Strike
0-1: Ball
1-1: Ball
2-1: Swinging Strike
2-2: Ball
3-2: Fly out, F7 (Flyball, 7, EV 88.8 MPH)
Batting: LHB John Thurman 0-0: Fly out, F8 (Line Drive, 8LM, EV 92.5 MPH)
Bottom of the 8th over - 0 runs, 0 hits, 0 errors, 0 left on base; New York (WIN) 2 - Chicago (WIN) 8
TOP OF THE 9TH
New York (WIN) Mets batting - Pitching for Chicago (WIN) White Sox : RHP Michael McMurry
Batting: RHB Hugo Valentin 0-0: Fly out, F8 (Flyball, 8RD, EV 88.8 MPH)
Batting: RHB Bryan Dorne 0-0: Called Strike
0-1: Foul Ball, location: 2F
0-2: Ball
1-2: Strikes out swinging
Batting: LHB Ryan Price 0-0: Swinging Strike
0-1: Foul Ball, location: 2F
0-2: Ball
1-2: Strikes out swinging
Top of the 9th over - 0 runs, 0 hits, 0 errors, 0 left on base; New York (WIN) 2 - Chicago (WIN) 8
Wednesday, June 22nd , 2022 - OOTP Baseball 23.4 Build 64